 Dungeon Crawl Stone Soup version 0.22-b1-26-g9dbaab1 (webtiles) character file.

175 dracos369 the Twirler (level 5, 0/38 HPs)
             Began as a Demonspawn Gladiator on Aug 7, 2018.
             Was a Believer of Dithmenos.
             Slain by an orc priest
             ... wielding a +0 club
              (3 damage)
             ... on level 4 of the Dungeon.
             The game lasted 00:07:05 (2634 turns).

dracos369 the Twirler (Demonspawn Gladiator)        Turns: 2634, Time: 00:07:07

Health: 0/38       AC:  4    Str: 15    XL:     5   Next: 29%
Magic:  5/5        EV: 12    Int: 10    God:    Dithmenos [**....]
Gold:   88         SH:  0    Dex: 14    Spells: 4/4 levels left

rFire    . . .     SeeInvis .   a - +0 quarterstaff
rCold    . . .     Gourm    +   (shield currently unavailable)
rNeg     . . .     Faith    .   b - +0 leather armour
rPois    .         Spirit   .   (helmet restricted)
rElec    .         Reflect  .   j - +0 cloak
rCorr    .         Harm     .   (no gloves)
MR       .....                  (no boots)
Stlth    +.........             e - amulet of the gourmand
HPRegen  0.12/turn              (no ring)
MPRegen  0.09/turn              (no ring)

@: hasted, wreathed by umbra, very quick
A: horns 1, foul stench 2, rot immunity
a: Shadow Step, Renounce Religion


You were on level 4 of the Dungeon.
You worshipped Dithmenos.
Dithmenos was pleased with you.
You were very full.

You visited 1 branch of the dungeon, and saw 4 of its levels.

You collected 88 gold pieces.

Inventory:

Hand Weapons
 a - a +0 quarterstaff (weapon)
Missiles
 d - 3 throwing nets (quivered)
Armour
 b - a +0 leather armour (worn)
 c - a +0 helmet
 j - a +0 cloak (worn)
Jewellery
 e - an amulet of the gourmand (around neck)
Scrolls
 g - 2 scrolls of identify {unknown}
 h - 2 scrolls of magic mapping {unknown}
 m - a scroll of fear {unknown}
 n - a scroll of random uselessness {unknown}
Potions
 i - a potion of might {unknown}
 l - a potion of lignification {unknown}
Comestibles
 f - 2 rations


   Skills:
 - Level 2.0 Fighting
 + Level 5.5 Staves
 - Level 1.7 Throwing
 - Level 2.6 Dodging


You had 4 spell levels left.
You didn't know any spells.
Your spell library was empty.

Dungeon Overview and Level Annotations

Branches:
Dungeon (4/15)
 Temple: D:4-7

Altars:
Dithmenos
Gozag
Vehumet
Xom
Yredelemnul


Innate Abilities, Weirdness & Mutations

You have a pair of small horns on your head.
You frequently emit foul miasma when damaged in melee.
You are immune to rotting.


Message History

Dithmenos accepts your kill.
You can now step into the shadows of nearby creatures.
The leopard gecko barely misses you. The orc closely misses you.
An orc comes into view. It is wielding a flail.
The orc shouts!
You hit the orc.
The orc is moderately wounded.
The leopard gecko barely misses you. The orc misses you.
The orc priest mumbles some strange prayers to Beogh against you.
Beogh smites you!
* * * LOW HITPOINT WARNING * * *
It was a potion of haste.
You feel yourself speed up. The leopard gecko barely misses you.
The orc hits you but does no damage.
You hit the orc priest.
The orc priest is lightly wounded.
The leopard gecko bites you.
* * * LOW HITPOINT WARNING * * *
The orc misses you. The orc hits you but does no damage.
The orc priest hits you with a club.
You die...

.. ... #.##.#
.# ####..... .
.. #......##..
#.##.#........
#..........#..
#.#<.......
#..o...o#..
#.@o....#
#....lo....#
#.##.P.P...# #
#.._....#
..P.P.#.#
.......#...
##.#.#.# #. ..
.#.#


You could see an orc priest, 3 orcs and a leopard gecko.

Vanquished Creatures
  A bullfrog skeleton (D:4)
  A worker ant (D:2)
  Terence (D:2)
  A worker ant zombie (D:2)
  2 adders
  3 worms
  11 orcs
  2 bats
  2 giant cockroaches
  7 goblins
  5 hobgoblins
  3 jackals (D:1)
  7 frilled lizards
  2 kobolds
  9 rats
57 creatures vanquished.

Vanquished Creatures (others)
  5 toadstools (D:1)
5 creatures vanquished.

Grand Total: 62 creatures vanquished

Notes
Turn   | Place    | Note
-------+----------+-------------------------------------------
     0 | D:1      | dracos369 the Demonspawn Gladiator began the quest for the Orb.
     0 | D:1      | Reached XP level 1. HP: 16/16 MP: 1/1
    75 | D:1      | Reached skill level 3 in Staves
   314 | D:1      | Gained mutation: You are immune to rotting. [demonic ancestry]
   314 | D:1      | Reached XP level 2. HP: 21/22 MP: 2/2
   562 | D:2      | Gained mutation: You have a pair of small horns on your head. [demonic ancestry]
   562 | D:2      | Reached XP level 3. HP: 18/27 MP: 3/3
   626 | D:2      | Reached skill level 4 in Staves
   795 | D:2      | Found a radiant altar of Vehumet.
   813 | D:2      | Found a faded altar of an unknown god.
   818 | D:2      | Became a worshipper of Dithmenos the Shadowed
   818 | D:2      | Reached * piety under Dithmenos
   937 | D:2      | Gained mutation: You may emit foul miasma when damaged in melee. [demonic ancestry]
   937 | D:2      | Reached XP level 4. HP: 14/33 MP: 4/4
  1523 | D:2      | Noticed Terence
  1529 | D:2      | Killed Terence
  1529 | D:2      | Reached skill level 5 in Staves
  1875 | D:3      | Gained mutation: You frequently emit foul miasma when damaged in melee. [demonic ancestry]
  1875 | D:3      | Reached XP level 5. HP: 15/38 MP: 5/5
  2204 | D:3      | Found a shimmering altar of Xom.
  2317 | D:3      | Found an opulent altar of Gozag.
  2317 | D:3      | Found a shimmering altar of Xom.
  2622 | D:4      | Found a basalt altar of Yredelemnul.
  2631 | D:4      | Reached ** piety under Dithmenos
  2634 | D:4      | Slain by an orc priest

Skill      XL: |  1  2  3  4 |
---------------+-------------+-----
Staves         | 3 4 5 |  5.5
Fighting       | |  2.0
Throwing       | |  1.7
Dodging        | |  2.6

Action                   |  1- 3 |  4- 6 || total
-------------------------+-------+-------++-------
Melee: Quarterstaff      |    97 |    76 ||   173
       Headbutt          |     6 |    10 ||    16
  Use: Potion            |       |     1 ||     1
 Stab: Sleeping          |       |     1 ||     1
  Eat: Chunk             |    15 |     8 ||    23
Armor: Leather armour    |    29 |    12 ||    41
Dodge: Dodged            |    59 |    61 ||   120
